[Event "Titled Tuesday Blitz May 17 Late 2022"]
[White "Korchmar, Vasiliy"]
[Black "Dubov, Daniil"]
[WhiteFideId "24131750"]
[BlackFideId "24126055"]
[WhiteElo "2370"]
[BlackElo "2791"]
[Result "0-1"]
[Round "07"]
[TimeControl "180+1"]
[Date "2022.05.17"]
[WhiteClock "0:00:03"]
[BlackClock "0:00:46"]

1. e4 c5 2. Nf3 e6 3. g3 d6 4. Bg2 Nf6 5. Qe2 e5 6. O-O Nc6 7. Nc3 Be7 8. Nd5 O-O 9. c3 Be6 10. Ne1 Re8 11. Nc2 Bxd5 12. exd5 Nb8 13. d4 cxd4 14. cxd4 e4 15. Bg5 Nbd7 16. Ne3 h6 17. Bxf6 Nxf6 18. Qb5 Qb6 19. Qxb6 axb6 20. Rfc1 g6 21. a3 Ra4 22. Rc4 Rxc4 23. Nxc4 Rc8 24. Ne3 h5 25. Kf1 Bf8 26. Ke1 Bh6 27. Kd1 Bxe3 28. fxe3 Nxd5 29. Kd2 f5 30. Bf1 Kf7 31. Bb5 Kf6 32. Ba4 h4 33. Bb3 Ne7 34. g4 fxg4 35. Rg1 g3 36. hxg3 h3 37. Rh1 Rh8 38. Bc2 d5 39. Bd1 Nf5 40. Bg4 h2 41. Bxf5 Kxf5 42. Ke2 Kg4 43. Kf2 Rh3 44. Kg2 Rxg3+ 45. Kxh2 Rh3+ 0-1


[Site "https://www.chess.com"]

[Event "Titled Tuesday Blitz May 17 Late 2022"]
[White "Kruckenhauser, Arthur"]
[Black "Shuvalova, Polina"]
[WhiteFideId "1642812"]
[BlackFideId "24171760"]
[WhiteElo "2243"]
[BlackElo "2355"]
[Result "1-0"]
[Round "07"]
[TimeControl "180+1"]
[Date "2022.05.17"]
[WhiteClock "0:01:28"]
[BlackClock "0:00:59"]

1. e4 c5 2. Nf3 d6 3. d4 cxd4 4. Nxd4 Nf6 5. Nc3 a6 6. Bg5 e6 7. f4 h6 8. Bh4 Qb6 9. Qd2 Qxb2 10. Rb1 Qa3 11. f5 Be7 12. fxe6 Bxe6 13. Nxe6 fxe6 14. Bc4 Nxe4 15. Nxe4 Bxh4+ 16. g3 d5 17. O-O dxe4 18. Bxe6 Qc5+ 19. Kg2 Bg5 20. Bf7+ Ke7 21. Rxb7+ Kf8 22. Bb3+ Bf6 23. Qd8# 1-0


[Site "https://www.chess.com"]

[Event "Titled Tuesday Blitz May 17 Late 2022"]
[White "Manukyan, Artyom"]
[Black "Ivanisevic, Ivan"]
[WhiteFideId "13305786"]
[BlackFideId "912417"]
[WhiteElo "2034"]
[BlackElo "2495"]
[Result "0-1"]
[Round "07"]
[TimeControl "180+1"]
[Date "2022.05.17"]
[WhiteClock "0:00:28"]
[BlackClock "0:01:44"]

1. e4 c5 2. Nc3 Nc6 3. Bb5 Nd4 4. Nf3 e6 5. O-O a6 6. Bd3 Nc6 7. b3 d6 8. Bb2 Be7 9. Re1 Bf6 10. e5 dxe5 11. Ne4 b6 12. Nxf6+ gxf6 13. Be4 Bb7 14. c3 Nge7 15. d4 f5 16. Bxc6+ Nxc6 17. Nxe5 Nxe5 18. dxe5 Rg8 19. g3 Qh4 20. Re3 Qh3 21. Qf1 Qh5 22. Rd1 f4 23. Red3 Be4 24. Rd6 Qf3 0-1


[Site "https://www.chess.com"]

[Event "Titled Tuesday Blitz May 17 Late 2022"]
[White "Mortazavi, Ali"]
[Black "Gabrielian, Artur"]
[WhiteFideId "401323"]
[BlackFideId "4131002"]
[WhiteElo "2339"]
[BlackElo "2440"]
[Result "0-1"]
[Round "07"]
[TimeControl "180+1"]
[Date "2022.05.17"]
[WhiteClock "0:00:10"]
[BlackClock "0:00:24"]

1. Nf3 Nf6 2. g3 g6 3. Bg2 Bg7 4. O-O O-O 5. d3 d6 6. e4 c5 7. e5 dxe5 8. Nxe5 Nfd7 9. Nc4 Nb6 10. Nc3 Nc6 11. Bxc6 bxc6 12. Re1 Be6 13. Ne5 Rc8 14. Bd2 c4 15. dxc4 Bxe5 16. Rxe5 Nxc4 17. Rxe6 fxe6 18. Bh6 Qxd1+ 19. Rxd1 Rfd8 20. Re1 Nxb2 21. Kg2 Nc4 22. Ne4 Ne5 23. Nc5 Nf7 24. Be3 e5 25. h4 h5 26. Ne4 Rd5 27. Rb1 Rb5 28. Re1 Nd6 29. Ng5 Nf5 30. Bxa7 Ra8 31. Be3 Rxa2 32. c4 Rbb2 33. Ne4 Rc2 34. Bg5 Rxc4 35. Kh3 Nd4 36. Rb1 Nf3 37. Rb8+ Kf7 38. Rb7 Rxe4 39. Rxe7+ Kf8 40. Re6 Nxg5+ 41. hxg5 Kf7 42. Rf6+ Kg7 43. f3 Ree2 0-1


[Site "https://www.chess.com"]

[Event "Titled Tuesday Blitz May 17 Late 2022"]
[White "Nazari, Arad"]
[Black "Karttunen, Mika"]
[WhiteFideId "12577324"]
[BlackFideId "502081"]
[WhiteElo "2129"]
[BlackElo "2343"]
[Result "1-0"]
[Round "07"]
[TimeControl "180+1"]
[Date "2022.05.17"]
[WhiteClock "0:00:50"]
[BlackClock "0:00:04"]

1. e4 e5 2. Nf3 Nc6 3. Bb5 a6 4. Bxc6 dxc6 5. O-O f6 6. d4 exd4 7. Qxd4 Qxd4 8. Nxd4 c5 9. Ne2 Be6 10. Nbc3 Ne7 11. Be3 b6 12. Rad1 Ng6 13. Nf4 Bc4 14. Nfd5 O-O-O 15. Rfe1 a5 16. b3 Ba6 17. a4 Bd6 18. f3 Rhe8 19. Rd2 Kb7 20. Red1 c4 21. Nxb6 cxb3 22. cxb3 f5 23. Nc4 Bxc4 24. bxc4 Ra8 25. c5 Be5 26. Bd4 Kc6 27. exf5 Bxd4+ 28. Rxd4 Ne5 29. Ne4 Rab8 30. f6 gxf6 31. Nxf6 Re7 32. Re4 Ng6 33. Rxe7 Nxe7 34. Re1 Ng6 35. Re6+ Kxc5 36. Nd7+ Kd5 37. Ra6 Rb1+ 38. Kf2 Nf4 39. Rxa5+ Kd6 40. Nf6 Rb2+ 41. Kg3 Nxg2 42. Ne4+ Kc6 43. Rc5+ Kd7 44. Rd5+ Kc6 45. Rd2 Rxd2 46. Nxd2 Ne3 47. f4 Kd5 48. Kf3 Nf5 49. a5 Nd4+ 50. Kg4 c5 51. f5 Nc6 52. a6 c4 53. Nxc4 Kxc4 54. f6 Kb5 55. f7 Ne5+ 56. Kf4 Nxf7 57. a7 Nd6 58. a8=Q Nc4 1-0


[Site "https://www.chess.com"]

[Event "Titled Tuesday Blitz May 17 Late 2022"]
[White "Ohanyan, Emin"]
[Black "De La Colina, Nicolas"]
[WhiteFideId "13312022"]
[BlackFideId "30946921"]
[WhiteElo "1927"]
[BlackElo "2046"]
[Result "1-0"]
[Round "07"]
[TimeControl "180+1"]
[Date "2022.05.17"]
[WhiteClock "0:00:31"]
[BlackClock "0:00:46"]

1. e4 c5 2. Nf3 Nc6 3. d4 cxd4 4. Nxd4 g6 5. Nc3 Bg7 6. Be3 Nf6 7. Nxc6 bxc6 8. e5 Ng8 9. Bd4 Qa5 10. Bc4 Bxe5 11. O-O Nf6 12. Re1 d6 13. Bxe5 dxe5 14. Qe2 Bf5 15. Bb3 e4 16. h3 h5 17. Qc4 O-O 18. Qxc6 Rfc8 19. Qa4 Qb6 20. Rad1 Kg7 21. Qd4 Qa5 22. Nd5 Rd8 23. c4 Qa6 24. Qe5 Qe6 25. Qc3 Rac8 26. c5 Kg8 27. Nb6 Qxb6 28. cxb6 Rxd1 29. Qxc8+ Bxc8 30. Rxd1 Bb7 31. bxa7 Kg7 32. Rd8 e3 33. fxe3 Ne4 34. a8=B Bxa8 35. Rxa8 Nc5 36. Ra7 e6 37. Bc4 Ne4 38. b4 Nd6 39. Bxe6 Kf6 40. Bxf7 Nxf7 41. Rxf7+ Kxf7 42. a4 Ke6 43. a5 Kd6 44. a6 Kc7 45. b5 Kb6 46. e4 Ka7 47. e5 Kb6 48. e6 Kxb5 49. a7 Kb6 50. a8=B Kc7 51. Be4 Kd6 52. Bxg6 Ke7 53. Bf7 Kf6 54. Kf2 h4 55. Kf3 Ke7 56. Kg4 Kf6 57. Kxh4 Kg7 58. Kg5 Kf8 59. Kf4 Ke7 60. Kg3 Kf6 61. Kh2 Kg7 62. Kg1 Kf8 63. Kf1 Ke7 64. Ke1 Kf6 65. Kd1 Kg7 66. Kd2 Kf8 67. Kc2 Ke7 68. Kc1 Kf6 69. Kb1 Kg7 70. Kb2 Kf8 71. Ka2 Ke7 72. Ka1 Kf6 73. g3 Kg7 74. Kb2 Kf8 75. Kc3 Ke7 76. Kd2 Kf6 77. Ke3 Ke7 78. Kf2 Kf8 79. Kg2 Kg7 80. Kg1 Kf6 81. Kh1 Ke7 82. Kh2 Kf8 83. Kg2 Kg7 84. g4 Kf6 85. Kg3 Ke7 86. h4 Kf8 87. Kf4 Kg7 88. g5 Kf8 89. Kg4 Ke7 90. h5 Kf8 91. Kf5 Ke7 92. h6 Kf8 93. Kg6 Ke7 94. Kg7 Kd6 95. g6 Ke5 96. h7 Kf4 97. h8=B Ke5 98. e7 Kd6 99. e8=B Kc7 100. Kf8 Kd8 101. g7 Kc7 102. g8=B Kb6 103. Bg7 Ka5 104. Ke7 Kb4 105. Bh7 Ka5 106. Bd7 Kb6 107. Bhg6 Ka7 108. Kd6 Kb7 109. Bd5+ Ka6 110. Bd3+ Ka5 111. Bc3+ Kb6 112. Bd4+ Ka5 113. Ba4 Kb4 114. Ba2 Ka3 115. Kc5 Kxa2 116. Kc4 Ka3 117. Bb1 Kxa4 118. Bb6 Ka3 119. Bc2 Kb2 120. Kd3 Kc1 121. Bc5 Kb2 122. Kd2 Ka2 123. Kc1 Ka1 124. Ba4 Ka2 125. Bf8 Ka1 126. Be8 Ka2 1-0


[Site "https://www.chess.com"]

[Event "Titled Tuesday Blitz May 17 Late 2022"]
[White "Omariev, Maksim"]
[Black "Abdyzhapar, Asylbek"]
[WhiteFideId "4193423"]
[BlackFideId "13800337"]
[WhiteElo "2515"]
[BlackElo "2331"]
[Result "0-1"]
[Round "07"]
[TimeControl "180+1"]
[Date "2022.05.17"]
[WhiteClock "0:00:03"]
[BlackClock "0:01:44"]

1. e4 c6 2. d4 d5 3. exd5 cxd5 4. Bd3 Nc6 5. c3 Qc7 6. h3 e6 7. Nf3 Bd6 8. O-O Nge7 9. Re1 O-O 10. Nbd2 Rb8 11. a4 a6 12. Qe2 f6 13. c4 Bb4 14. Rd1 Bd7 15. Nb3 Rbe8 16. Be3 Ng6 17. Qc2 f5 18. Nc5 Bc8 19. cxd5 exd5 20. Bd2 Nxd4 21. Nxd4 Qxc5 22. Bxb4 Qxb4 23. Nxf5 Nf4 24. Ne3 d4 25. Bxh7+ Kh8 26. Ng4 Re2 27. Qb1 Bxg4 28. hxg4 Rxb2 29. Qe4 Re2 30. Qb1 Qd6 31. Bf5 Qd5 32. Qc1 Qxg2# 0-1


[Site "https://www.chess.com"]

[Event "Titled Tuesday Blitz May 17 Late 2022"]
[White "Paravyan, David"]
[Black "Donchenko, Alexander"]
[WhiteFideId "4194985"]
[BlackFideId "24603295"]
[WhiteElo "2569"]
[BlackElo "2572"]
[Result "0-1"]
[Round "07"]
[TimeControl "180+1"]
[Date "2022.05.17"]
[WhiteClock "0:00:01"]
[BlackClock "0:01:06"]

1. e4 c6 2. d4 d5 3. e5 Bf5 4. Nf3 e6 5. Be2 Ne7 6. O-O h6 7. Nbd2 Nd7 8. Nb3 g5 9. a4 a5 10. Bd2 Qc7 11. Ne1 Bg7 12. Nd3 b6 13. Qe1 c5 14. dxc5 bxc5 15. Bxa5 Qc8 16. Ndxc5 Nxc5 17. Nxc5 Qxc5 18. Bb5+ Kf8 19. Bb4 Qa7 20. Qc3 Kg8 21. a5 Ng6 22. Rfe1 Kh7 23. Bc5 Qc7 24. Qb4 Bxe5 25. g3 Rhc8 26. Bb6 Qxc2 27. Re2 Bxb2 28. Rxc2 Rxc2 29. Rf1 Bc3 30. Qb3 Bxa5 31. Bxa5 Rxa5 32. Bd3 Bxd3 33. Qxd3 Rca2 34. h4 R2a3 35. Qb1 gxh4 36. gxh4 Kg7 37. h5 Nf4 38. Qc1 Ne2+ 0-1


[Site "https://www.chess.com"]

[Event "Titled Tuesday Blitz May 17 Late 2022"]
[White "Pichot, Alan"]
[Black "Salem, A.R. Saleh"]
[WhiteFideId "110973"]
[BlackFideId "9301348"]
[WhiteElo "2579"]
[BlackElo "2679"]
[Result "1-0"]
[Round "07"]
[TimeControl "180+1"]
[Date "2022.05.17"]
[WhiteClock "0:00:31"]
[BlackClock "0:00:04"]

1. e4 c5 2. Nf3 d6 3. Bb5+ Nd7 4. d4 cxd4 5. Nxd4 a6 6. Bd3 Ngf6 7. O-O Nc5 8. Nc3 e5 9. Nf5 Bxf5 10. exf5 d5 11. Bg5 d4 12. Ne4 Qb6 13. Bxf6 gxf6 14. Rb1 h5 15. Qf3 h4 16. b4 Na4 17. b5 a5 18. Bc4 Nc5 19. Bd5 O-O-O 20. Bxf7 h3 21. g3 Kb8 22. Bc4 Rc8 23. Bd5 Be7 24. c4 Nxe4 25. Qxe4 Bc5 26. Qd3 a4 27. f4 Rce8 28. Be6 e4 29. Qxe4 d3+ 30. Kh1 Rd8 31. Bd5 d2 32. Qd3 Be3 33. Rf3 Rhe8 34. Rd1 Qc5 35. g4 Re7 36. g5 fxg5 37. f6 Ree8 38. f7 Re7 39. fxg5 Rf8 40. g6 Bh6 41. Qf1 Qb4 42. Qg1 Re1 43. Rf1 Be3 44. Qg3+ Ka8 45. Rdxe1 dxe1=Q 46. Rxe1 Qd2 47. Qxe3 1-0


[Site "https://www.chess.com"]

[Event "Titled Tuesday Blitz May 17 Late 2022"]
[White "Riehle, Marco"]
[Black "Rasulov, Vugar"]
[WhiteFideId "12904392"]
[BlackFideId "13402390"]
[WhiteElo "2462"]
[BlackElo "2560"]
[Result "1/2-1/2"]
[Round "07"]
[TimeControl "180+1"]
[Date "2022.05.17"]
[WhiteClock "0:00:27"]
[BlackClock "0:00:16"]

1. e4 c5 2. a3 g6 3. h4 h6 4. h5 g5 5. Nc3 Bg7 6. Bc4 Nc6 7. d3 d6 8. f4 gxf4 9. Bxf4 Nf6 10. Qd2 Bg4 11. Nf3 Nxh5 12. O-O-O e6 13. Rdf1 Bxf3 14. Rxf3 Nxf4 15. Qxf4 Qg5 16. Nb5 Ke7 17. Rhf1 Ne5 18. Kb1 Qxf4 19. Rxf4 a6 20. Nc3 b5 21. Bb3 h5 22. Ne2 Bh6 23. Rh4 Bg5 24. Rh3 h4 25. c3 c4 26. Bc2 cxd3 27. Bxd3 Rag8 28. Nd4 Rh6 29. a4 bxa4 30. Bxa6 Rf6 31. Ka2 Rxf1 32. Bxf1 Bf6 33. Ka3 Rb8 34. Bb5 Rg8 35. Bf1 Ng6 36. Rf3 Bg5 37. Kxa4 Ne5 38. Rh3 Ra8+ 39. Kb3 Ra1 40. Be2 Rg1 41. Bf3 Rb1 42. Kc2 Rf1 43. b4 Nc4 44. b5 e5 45. Nf5+ Kd7 46. Nxh4 Na3+ 47. Kb3 Nxb5 48. Be2 Rb1+ 49. Kc2 Na3+ 50. Kd3 Nb5 51. Kc2 Rc1+ 52. Kb2 Nxc3 53. Rxc3 Rxc3 54. Kxc3 Bxh4 55. Kc4 Ke6 56. Bg4+ Ke7 57. Kd5 Be1 58. Bh3 Bb4 59. Bg4 Bc5 60. Bf5 Kf6 61. g4 Kg5 62. Bc8 Kf4 63. Bf5 f6 64. Bc8 Kg5 65. Bf5 Kh4 66. Bc8 Kg5 67. Bf5 Ba3 68. Bc8 Kf4 69. Bf5 Bb4 70. Bc8 Ba3 71. Bf5 Kg5 72. Bc8 Bc1 73. Bf5 Bd2 74. Kxd6 Bb4+ 75. Kd5 Bd2 76. Bc8 Bf4 77. Bf5 Bg3 78. Bc8 Bf4 79. Bf5 Bg3 80. Bc8 Bf4 1/2-1/2


[Site "https://www.chess.com"]

[Event "Titled Tuesday Blitz May 17 Late 2022"]
[White "Risteski, Emil"]
[Black "Ostrovskiy, Aleksandr"]
[WhiteFideId "15005267"]
[BlackFideId "2034239"]
[WhiteElo "2070"]
[BlackElo "2340"]
[Result "0-1"]
[Round "07"]
[TimeControl "180+1"]
[Date "2022.05.17"]
[WhiteClock "0:00:12"]
[BlackClock "0:00:09"]

1. e4 d5 2. exd5 Nf6 3. d4 Bg4 4. f3 Bf5 5. c4 e6 6. Nc3 exd5 7. g4 Bg6 8. g5 Nh5 9. cxd5 Bd6 10. Bd3 O-O 11. Nge2 c5 12. Be3 Re8 13. Qd2 cxd4 14. Bxd4 Bxd3 15. Qxd3 Qxg5 16. Rg1 Qh4+ 17. Kd2 Nd7 18. Rg4 Qxh2 19. Rag1 Ne5 20. Bxe5 Bxe5 21. R1g2 Qh1 22. Rg1 Qh2 23. R1g2 Qh1 24. Rg1 Qh3 25. Ne4 g6 26. Nf2 Qh2 27. R1g2 Nf4 28. Nxf4 Bxf4+ 29. Kc2 Rac8+ 30. Kb3 Qh6 31. Ne4 Be5 32. f4 Bg7 33. f5 Red8 34. a3 Qc1 35. Ka2 Qc4+ 36. Qxc4 Rxc4 37. Nf6+ Bxf6 38. Rxc4 Rxd5 39. fxg6 hxg6 40. Rc7 Rb5 41. Rf2 Kg7 42. a4 Rb4 43. Ka3 a5 44. b3 b6 45. Rd2 Rf4 46. Rc6 Bd4 47. Re2 Bc5+ 48. Kb2 g5 49. Rc7 g4 50. Rd7 Kg6 51. Rd5 f5 52. Kc2 Kg5 53. Kd3 Rf3+ 54. Kc4 g3 55. Rd8 Rf4+ 56. Kb5 Kg4 57. Rh8 Kf3 58. Rc2 g2 59. Rg8 g1=Q 60. Rxg1 Bxg1 61. Rc6 Bc5 62. Ka6 Rb4 63. Rf6 f4 64. Kb7 Rxb3 65. Kc6 Rb4 66. Kd5 Ke3 67. Kc6 Rd4 68. Re6+ Kf3 69. Rf6 Rd6+ 70. Kb5 Rxf6 71. Ka6 Rd6 72. Kb5 Ke4 73. Ka6 f3 74. Kb5 f2 75. Ka6 f1=Q+ 76. Ka7 Qf7+ 77. Ka6 Qc4+ 78. Ka7 Qxa4 79. Ka8 Qc6+ 80. Ka7 Rd7+ 81. Ka6 b5+ 82. Kxa5 Ra7# 0-1


[Site "https://www.chess.com"]

[Event "Titled Tuesday Blitz May 17 Late 2022"]
[White "Rozovsky, Daniel"]
[Black "Yuan, Qingyu"]
[WhiteFideId "2020904"]
[BlackFideId "8609772"]
[WhiteElo "2639"]
[BlackElo "2359"]
[Result "1/2-1/2"]
[Round "07"]
[TimeControl "180+1"]
[Date "2022.05.17"]
[WhiteClock "0:00:10"]
[BlackClock "0:00:03"]

1. e4 d6 2. d4 Nf6 3. Nc3 g6 4. f3 Nbd7 5. Be3 e5 6. Qd2 Bg7 7. Bc4 c6 8. a4 Qe7 9. O-O-O h5 10. h4 b6 11. Nge2 a6 12. dxe5 dxe5 13. Qd6 Qxd6 14. Rxd6 Bb7 15. Bg5 b5 16. Bb3 Nh7 17. Rhd1 Nhf8 18. Bxf7+ Kxf7 19. Rxd7+ Nxd7 20. Rxd7+ Kg8 21. Rxb7 Bf8 22. Bf6 Rh7 23. Rxh7 Kxh7 24. Bxe5 Re8 25. Bf4 Be7 26. Bg5 Bc5 27. f4 b4 28. e5 bxc3 29. Nxc3 Bb4 30. Ne4 Kg7 31. Nd6 Rb8 32. c3 Bxd6 33. exd6 Rb7 34. Kc2 Kf7 35. b4 Ke6 36. Be7 Kd5 37. Kd3 c5 38. bxc5 Rd7 39. c6 Kxc6 40. Kd4 Rb7 41. Ke5 Rb2 42. Bf6 Kd7 43. c4 Rxg2 44. c5 Rd2 45. Be7 Rd1 46. Bf8 Rg1 47. Bg7 Rh1 48. Kd5 Rd1+ 49. Bd4 Rc1 50. Be3 Rc3 51. Bd4 Rc2 52. a5 Rc1 53. Ke5 Re1+ 54. Kd5 Rc1 55. Ke5 Rc2 56. Kf6 Rg2 57. Kf7 Rd2 58. Be5 Rg2 59. c6+ Kxc6 60. Ke6 Rd2 61. Ke7 Rd5 62. Kf7 Rxa5 63. Kxg6 Rd5 64. Kxh5 a5 65. Kg6 a4 66. h5 a3 67. h6 a2 68. h7 Rxe5 69. fxe5 a1=Q 70. h8=Q Qg1+ 71. Kf6 Qf2+ 72. Ke6 Qa2+ 73. Kf6 Qf2+ 74. Ke7 Qa7+ 75. Kf8 Qb8+ 76. Kg7 Qb7+ 77. Kg8 Qc8+ 78. Kh7 Qf5+ 79. Kg8 Qe6+ 80. Kf8 Qc8+ 81. Kg7 Qd7+ 82. Kg6 Qg4+ 83. Kf6 Qf4+ 84. Ke6 Qg4+ 85. Ke7 Qd7+ 86. Kf8 Qc8+ 87. Kg7 Qg4+ 88. Kh6 Qh3+ 89. Kg7 Qg4+ 90. Kh7 Qh5+ 91. Kg8 Qg5+ 92. Qg7 Qd8+ 93. Kh7 Qh4+ 94. Kg6 Qg4+ 95. Kf7 Qf5+ 96. Qf6 Qd7+ 97. Qe7 Qf5+ 98. Ke8 Qc8+ 99. Kf7 Qf5+ 100. Kg7 Qg4+ 101. Kf6 Qf4+ 102. Ke6 Qg4+ 103. Kf7 Qf5+ 1/2-1/2


[Site "https://www.chess.com"]

[Event "Titled Tuesday Blitz May 17 Late 2022"]
[White "Sadhwani, Raunak"]
[Black "Shimanov, Aleksandr"]
[WhiteFideId "35093487"]
[BlackFideId "4198603"]
[WhiteElo "2616"]
[BlackElo "2605"]
[Result "1-0"]
[Round "07"]
[TimeControl "180+1"]
[Date "2022.05.17"]
[WhiteClock "0:00:24"]
[BlackClock "0:00:01"]

1. e4 d5 2. exd5 Qxd5 3. Nc3 Qe5+ 4. Be2 Bg4 5. d4 Bxe2 6. Ngxe2 Qa5 7. O-O Nf6 8. b4 Qh5 9. Nf4 Qxd1 10. Rxd1 e6 11. Rb1 Nc6 12. b5 Na5 13. Nd3 Nc4 14. Bf4 O-O-O 15. Ne5 Nxe5 16. Bxe5 Nd7 17. Bg3 Nb6 18. a4 Nc4 19. Ne4 Be7 20. Rb3 Nd6 21. Bxd6 cxd6 22. d5 e5 23. g4 Kb8 24. c4 g6 25. g5 h6 26. Rf3 Rdf8 27. c5 dxc5 28. d6 Bxg5 29. Nxc5 Ka8 30. Nd7 Re8 31. Rxf7 e4 32. Nf6 Bxf6 33. Rxf6 Kb8 34. a5 Re5 35. b6 Rd8 36. d7 Rg5+ 37. Kf1 axb6 38. axb6 Rf5 39. Rxf5 gxf5 40. Ke2 f4 41. Rd4 e3 42. f3 h5 43. Rxf4 1-0


[Site "https://www.chess.com"]

[Event "Titled Tuesday Blitz May 17 Late 2022"]
[White "Sjugirov, Sanan"]
[Black "Makarian, Rudik"]
[WhiteFideId "4189302"]
[BlackFideId "44105681"]
[WhiteElo "2602"]
[BlackElo "2419"]
[Result "1-0"]
[Round "07"]
[TimeControl "180+1"]
[Date "2022.05.17"]
[WhiteClock "0:00:17"]
[BlackClock "0:00:04"]

1. e4 d6 2. d4 Nf6 3. Nc3 e5 4. Nf3 Nbd7 5. Bc4 Be7 6. O-O O-O 7. a4 c6 8. h3 Re8 9. Ba2 h6 10. Be3 Qc7 11. dxe5 dxe5 12. Nh4 Nf8 13. Nf5 Bxf5 14. exf5 Bb4 15. Qe2 Bxc3 16. bxc3 Nd5 17. Bd2 Rad8 18. Rad1 Nh7 19. Rfe1 a5 20. c4 Nb4 21. Bb3 Nf6 22. Bxb4 axb4 23. c5 e4 24. Rxd8 Rxd8 25. Qc4 Rd5 26. Qxb4 Rxf5 27. Qd4 Qe7 28. Qd6 Qxd6 29. cxd6 Kf8 30. Rd1 Nd7 31. Rd4 Re5 32. Rb4 b6 33. Rc4 c5 34. a5 b5 35. Rc3 c4 36. a6 Rd5 37. Ba2 Rxd6 38. Ra3 Nb6 39. Ra5 Na8 40. Rxb5 Rxa6 41. Bxc4 1-0


[Site "https://www.chess.com"]

[Event "Titled Tuesday Blitz May 17 Late 2022"]
[White "Sliwicka, Alicja"]
[Black "Puranik, Abhimanyu"]
[WhiteFideId "1150677"]
[BlackFideId "5061245"]
[WhiteElo "2120"]
[BlackElo "2520"]
[Result "0-1"]
[Round "07"]
[TimeControl "180+1"]
[Date "2022.05.17"]
[WhiteClock "0:00:20"]
[BlackClock "0:00:47"]

1. e4 e6 2. d4 d5 3. Nc3 Bb4 4. exd5 exd5 5. Bd3 Nf6 6. Ne2 O-O 7. O-O Re8 8. a3 Be7 9. Bg5 Nbd7 10. Ng3 Nf8 11. Nf5 Bxf5 12. Bxf5 c6 13. Qd3 g6 14. Bh3 Nh5 15. Bd2 Bf6 16. Ne2 Ng7 17. c3 Nfe6 18. f4 c5 19. f5 Ng5 20. Bxg5 Bxg5 21. Nf4 Bxf4 22. Rxf4 Nh5 23. Rf2 Qg5 24. Raf1 c4 25. Qd1 Re3 26. Qg4 Qxg4 27. Bxg4 Nf6 28. Bd1 g5 29. Rf3 Rae8 30. Rxe3 Rxe3 31. h3 h5 32. Kf2 Rd3 33. Ke1 Rg3 34. Rf2 Ne4 35. Re2 g4 36. Bc2 gxh3 37. gxh3 Rg1# 0-1


[Site "https://www.chess.com"]

[Event "Titled Tuesday Blitz May 17 Late 2022"]
[White "Solon, Nathan"]
[Black "Tristan, Leonardo"]
[WhiteFideId "2017229"]
[BlackFideId "113816"]
[WhiteElo "2578"]
[BlackElo "2404"]
[Result "0-1"]
[Round "07"]
[TimeControl "180+1"]
[Date "2022.05.17"]
[WhiteClock "0:00:02"]
[BlackClock "0:00:05"]

1. d4 d5 2. Nc3 Nf6 3. Bf4 c5 4. e4 dxe4 5. dxc5 Nbd7 6. b4 e5 7. Bg5 a5 8. a3 h6 9. Bxf6 Nxf6 10. Qxd8+ Kxd8 11. O-O-O+ Kc7 12. Bc4 axb4 13. axb4 b6 14. Bxf7 bxc5 15. b5 Bb7 16. Nge2 e3 17. f3 e4 18. fxe4 Nxe4 19. Nxe4 Bxe4 20. Nc3 Bxg2 21. Rhe1 Bd6 22. Bd5 Ra1+ 23. Kb2 Rxd1 24. Rxd1 Bh3 25. Re1 Bxh2 26. Rxe3 Bd7 27. Re7 Bd6 28. Rxg7 Be5 29. b6+ Kd6 30. Rg6+ Ke7 31. Kb3 h5 32. Ne4 Bf5 33. Rg5 Bxe4 34. Rxe5+ Kd6 35. Rxe4 Kxd5 36. Rh4 Kc6 37. c4 Kxb6 38. Kc3 Kc6 39. Kd3 Kd6 40. Ke4 Ke6 41. Kf4 Kf6 42. Rh1 h4 43. Rh3 Rd8 44. Ke3 Rd4 45. Rf3+ Ke5 46. Rf8 Rxc4 47. Re8+ Kd5 48. Rd8+ Kc6 49. Rh8 Rg4 50. Kf3 Rd4 51. Ke3 Kd5 52. Rh5+ Kc4 53. Kf3 Kb4 54. Ke3 Rg4 55. Kf3 Rc4 56. Ke3 h3 57. Kd2 Rc3 58. Rh4+ Kb3 0-1


[Site "https://www.chess.com"]

[Event "Titled Tuesday Blitz May 17 Late 2022"]
[White "Steinberg, Nitzan"]
[Black "Jobava, Baadur"]
[WhiteFideId "2801795"]
[BlackFideId "13601520"]
[WhiteElo "2471"]
[BlackElo "2617"]
[Result "1/2-1/2"]
[Round "07"]
[TimeControl "180+1"]
[Date "2022.05.17"]
[WhiteClock "0:00:04"]
[BlackClock "0:00:29"]

1. e4 c6 2. Nf3 d5 3. Nc3 Bg4 4. Be2 e6 5. d4 Nf6 6. h3 Bh5 7. e5 Nfd7 8. g4 Bg6 9. h4 h5 10. gxh5 Bf5 11. Ng5 c5 12. Bg4 Bxg4 13. Qxg4 cxd4 14. Nxe6 Nxe5 15. Nxg7+ Bxg7 16. Qxg7 Rxh5 17. Qg8+ Kd7 18. Qxd8+ Kxd8 19. Nxd5 Nf3+ 20. Ke2 Rxd5 21. Kxf3 Nc6 22. Rg1 Kd7 23. Bf4 Rh8 24. Rg7 Ke6 25. Re1+ Kf6 26. Rg5 Rxg5 27. Bxg5+ Kf5 28. Kg3 f6 29. Bd2 Ne5 30. f3 d3 31. cxd3 Rg8+ 32. Kh3 Rd8 33. Bc3 Nxd3 34. Re7 Nf4+ 35. Kg3 Rg8+ 36. Kf2 Rg2+ 37. Kf1 Rg3 38. Kf2 Rg2+ 39. Kf1 Rg3 40. Rxb7 Rxf3+ 41. Ke1 Ke4 42. Kd2 Rf2+ 43. Kd1 Nd5 44. Bd2 f5 45. h5 f4 46. h6 Rh2 47. h7 Kd3 48. Rb3+ Ke4 49. Rb7 f3 50. Rf7 Ne3+ 51. Bxe3 Kxe3 52. Re7+ Kd3 53. Rd7+ Ke3 54. Re7+ Kd3 55. Rd7+ Ke3 56. Re7+ 1/2-1/2


[Site "https://www.chess.com"]

[Event "Titled Tuesday Blitz May 17 Late 2022"]
[White "Stoleriu, George"]
[Black "Vasquez Schroeder, Rodrigo"]
[WhiteFideId "1227505"]
[BlackFideId "3400042"]
[WhiteElo "2194"]
[BlackElo "2567"]
[Result "0-1"]
[Round "07"]
[TimeControl "180+1"]
[Date "2022.05.17"]
[WhiteClock "0:00:21"]
[BlackClock "0:01:35"]

1. e4 c6 2. Nf3 d5 3. exd5 cxd5 4. Ne5 Nc6 5. d4 Nf6 6. Bb5 Bd7 7. Nxd7 Qxd7 8. c3 a6 9. Bd3 g6 10. Nd2 Bg7 11. Qe2 O-O 12. Nf3 Qc7 13. O-O Rfe8 14. Re1 e6 15. Ne5 Nxe5 16. dxe5 Nd7 17. Bf4 Nc5 18. Bc2 b5 19. h4 Rab8 20. h5 b4 21. Rab1 bxc3 22. bxc3 a5 23. h6 Bf8 24. Qd2 Rxb1 25. Rxb1 Rb8 26. Rxb8 Qxb8 27. Bd1 Qb1 28. Kh2 Ne4 29. Qd4 Nxf2 30. Qxf2 Qxd1 31. Qb6 Qh5+ 32. Kg3 g5 33. Be3 Qxh6 34. Qd8 Qh4+ 35. Kf3 g4+ 36. Ke2 Qxd8 0-1


[Site "https://www.chess.com"]

[Event "Titled Tuesday Blitz May 17 Late 2022"]
[White "Svane, Frederik"]
[Black "Svane, Rasmus"]
[WhiteFideId "12923044"]
[BlackFideId "4657101"]
[WhiteElo "2459"]
[BlackElo "2674"]
[Result "0-1"]
[Round "07"]
[TimeControl "180+1"]
[Date "2022.05.17"]
[WhiteClock "0:00:02"]
[BlackClock "0:00:20"]

1. e4 c6 2. d4 d5 3. exd5 cxd5 4. Nf3 Nc6 5. c3 a6 6. Bd3 Bg4 7. O-O e6 8. Bf4 Bd6 9. Bxd6 Qxd6 10. Nbd2 Nf6 11. Qe1 O-O 12. Ne5 Bh5 13. Nb3 Bg6 14. Nxg6 hxg6 15. Qe3 e5 16. dxe5 Nxe5 17. Rad1 Rfe8 18. Qf4 Qb6 19. Qd4 Qd6 20. Qf4 Rad8 21. h3 Qb6 22. Qd4 Qc7 23. Rfe1 Nc6 24. Qh4 Qd6 25. Nd4 Ne5 26. Qf4 Nh5 27. Qc1 Qf6 28. Bf1 Nf4 29. Re3 Nc6 30. Rf3 g5 31. h4 Ne5 32. Re3 Ng4 33. Rf3 Ne5 34. Re3 gxh4 35. Rde1 Re7 36. Nf3 Rde8 37. Nxe5 Rxe5 38. Rxe5 Rxe5 39. Rxe5 Qxe5 40. Qe3 Qxe3 41. fxe3 Nh5 42. Kf2 Nf6 43. Ke2 Kf8 44. Kd3 Ke7 45. Kd4 Kd6 46. c4 dxc4 47. Bxc4 Ke7 48. Be2 b6 49. Bxa6 Kd6 50. b4 g5 51. Bc4 g4 52. e4 Nd7 53. Bxf7 h3 54. gxh3 gxh3 55. e5+ Nxe5 56. Bd5 Nc6+ 57. Kc4 b5+ 58. Kxb5 Kxd5 0-1


[Site "https://www.chess.com"]

[Event "Titled Tuesday Blitz May 17 Late 2022"]
[White "Wagner, Dennis"]
[Black "Lamaze, Simon"]
[WhiteFideId "24650684"]
[BlackFideId "36069264"]
[WhiteElo "2355"]
[BlackElo "1999"]
[Result "0-1"]
[Round "07"]
[TimeControl "180+1"]
[Date "2022.05.17"]
[WhiteClock "0:00:46"]
[BlackClock "0:01:51"]

1. e4 c5 2. Nf3 Nc6 3. c3 Nf6 4. e5 Nd5 5. Bc4 e6 6. O-O d6 7. d4 cxd4 8. cxd4 Be7 9. Qe2 O-O 10. Rd1 Na5 11. Bd3 Nb4 12. Nc3 Nxd3 13. Rxd3 b6 14. b4 Nc4 15. d5 dxe5 16. dxe6 Qe8 17. Nd5 Bxe6 18. Nc7 Qc6 19. Nxa8 e4 20. Nd4 exd3 21. Nxc6 dxe2 22. Nxe7+ Kh8 23. Bf4 Rd8 24. Re1 Rd1 25. f3 Rxe1+ 26. Kf2 Ra1 27. Kxe2 Rxa2+ 28. Kf1 a5 29. bxa5 bxa5 30. Nc7 a4 31. Nxe6 fxe6 32. Nc6 a3 33. h4 Rb2 0-1


[Site "https://www.chess.com"]